[ PARTIDA AOE2 · #513713302 ]
UnrankedBizantinos vs Italians
Equipo del jugador · VICT
Equipo rival · DERR
[ ANÁLISIS DE REPETICIÓN · EXTRAÍDO DE LA PARTIDA GRABADA ]
Feudal
—
Castillos
—
Imperial
—
| APM promedio | 35.0 |
| APM pico | 51 |
| eAPM promedio | 13.8 |
| Aldeanos / militares | 19 / 0 |
Foco
⚔️ 28.6% · 🌾 71.4%
Feudal
—
Castillos
—
Imperial
—
| APM promedio | 38.6 |
| APM pico | 63 |
| eAPM promedio | 17.6 |
| Aldeanos / militares | 19 / 3 |
Foco
⚔️ 28.6% · 🌾 71.4%
Militia ×3
Mapa de la partida
Recursos iniciales + cada clic de construcción. Líneas = muros · curvas = relieve. ◆ oro · ⬟ piedra · ● bayas · ✦ reliquia · ◌ hueco del cierre
Tu base
Base de Anti noobs
Terreno inicial suavizado · ◌ = hueco del cierre detectado · pasá el cursor para detalles
Inputs por minuto
— leonardoandrade534312 - - Anti noobs
Build order — leonardoandrade534312
28 acciones detectadas en el replay
| 0:01 | Encolar | Villager (Male) ×4 |
| 0:02 | Construir | House |
| 0:03 | Construir | House |
| 1:39 | Encolar | Villager (Male) |
| 1:49 | Construir | Lumber Camp |
| 2:01 | Encolar | Villager (Male) |
| 2:20 | Encolar | Villager (Male) |
| 2:56 | Encolar | Villager (Male) |
| 3:09 | Encolar | Villager (Male) |
| 3:38 | Encolar | Villager (Male) |
| 3:51 | Construir | House |
| 4:07 | Encolar | Villager (Male) |
| 4:21 | Encolar | Villager (Male) |
| 5:04 | Encolar | Villager (Male) |
| 5:16 | Construir | Mill |
| 5:21 | Encolar | Villager (Male) |
| 5:44 | Encolar | Villager (Male) |
| 6:09 | Construir | Palisade Wall |
| 6:10 | Construir | Palisade Wall |
| 6:12 | Construir | Palisade Wall |
| 6:12 | Construir | Palisade Wall |
| 6:21 | Encolar | Villager (Male) |
| 6:25 | Encolar | Villager (Male) |
| 6:26 | Investigar | Loom |
| 6:36 | Construir | House |
| 6:49 | Construir | Palisade Gate |
| 7:00 | Encolar | Villager (Male) |
| 7:22 | Encolar | Villager (Male) |
Build order — Anti noobs
31 acciones detectadas en el replay
| 0:02 | Encolar | Villager (Male) |
| 0:02 | Encolar | Villager (Male) |
| 0:03 | Construir | House |
| 0:05 | Construir | House |
| 0:06 | Encolar | Villager (Male) |
| 0:17 | Encolar | Villager (Male) |
| 0:17 | Encolar | Villager (Male) |
| 1:40 | Encolar | Villager (Male) |
| 1:57 | Encolar | Villager (Male) |
| 1:58 | Encolar | Villager (Male) |
| 2:20 | Investigar | Loom |
| 2:25 | Encolar | Villager (Male) |
| 2:25 | Encolar | Villager (Male) |
| 2:48 | Construir | Barracks |
| 3:04 | Encolar | Villager (Male) |
| 3:04 | Encolar | Villager (Male) |
| 3:21 | Construir | House |
| 3:44 | Encolar | Militia |
| 4:08 | Encolar | Villager (Male) |
| 4:16 | Encolar | Militia |
| 4:23 | Construir | House |
| 4:40 | Encolar | Militia |
| 4:47 | Investigar | Loom |
| 4:53 | Encolar | Villager (Male) |
| 4:53 | Encolar | Villager (Male) |
| 5:22 | Encolar | Villager (Male) |
| 5:38 | Construir | Lumber Camp |
| 5:41 | Encolar | Villager (Male) |
| 6:22 | Encolar | Villager (Male) |
| 6:37 | Encolar | Villager (Male) |
| 6:54 | Construir | Mill |
Cronología de la partida
| 2:48 | Anti noobs · first_building Barracks |
| 6:09 | leonardoandrade534312 · wall_segment Palisade Wall x1 |
| 6:10 | leonardoandrade534312 · wall_segment Palisade Wall x1 |
| 6:12 | leonardoandrade534312 · wall_segment Palisade Wall x1 |
| 6:12 | leonardoandrade534312 · wall_segment Palisade Wall x1 |
| 7:26 | Anti noobs · resign |
[ ANÁLISIS IA · 1 CRÉDITO ]
¿Qué pasó realmente en esta partida?
Wolo.gg analiza cada decisión: build order, eco, micro, errores típicos por bracket. Análisis personalizado por WhatsApp o Discord en 30 segundos.
Guía civ
Bizantinos
Perfil
Jugador #15046688